 Dungeon Crawl Stone Soup version 0.27.0-1-g7a089689b8 (webtiles) character file.

Game seed: 10249503729373971451

58 fiver49 the Chucker (level 3, 0/27 HPs)
             Began as a Vampire Hunter on Aug 3, 2021.
             Killed by divine providence
             ... invoked by an orc priest
              (11 damage)
             ... on level 3 of the Dungeon.
             The game lasted 00:03:34 (1631 turns).

fiver49 the Chucker (Vampire Hunter)                Turns: 1631, Time: 00:03:35

Health: 0/27       AC:  3    Str: 12    XL:     3   Next: 76%
Magic:  3/3        EV: 12    Int: 13    God:
Gold:   95         SH:  0    Dex: 14    Spells: 2/2 levels left

rFire    . . .     SeeInvis +   n - +1 dagger (venom)
rCold    . . .     Faith    .   (no shield)
rNeg     . . .     Spirit   .   b - +0 leather armour
rPois    .         Reflect  .   (no helmet)
rElec    .         Harm     .   (no cloak)
rCorr    .         Rampage  .   (no gloves)
Will     .....                  (no boots)
Stlth    ++........             (no amulet)
HPRegen  0.29/turn              (no ring)
MPRegen  0.08/turn              (no ring)

@: healing quickly
A: alive, fangs 3, see invisible, vampiric 2
a: Exsanguinate


You were on level 3 of the Dungeon.
You visited 1 branch of the dungeon, and saw 3 of its levels.

You collected 117 gold pieces.
You spent 22 gold pieces at shops.

Inventory:

Hand Weapons
 a - a +0 short sword
 n - a +1 dagger of venom (weapon)
Missiles
 c - 6 javelins
 d - 2 throwing nets
 e - 16 poisoned darts (quivered)
Armour
 b - a +0 leather armour (worn)
Scrolls
 i - a scroll of identify
 l - a scroll of amnesia {unknown}
 m - a scroll of teleportation {unknown}
Potions
 f - a potion of berserk rage {unknown}
 g - 2 potions of might
 h - a potion of cancellation {unknown}
 j - a potion of curing {unknown}
 k - a potion of heal wounds {unknown}


   Skills:
 - Level 1.7 Fighting
 - Level 2.1(2.9) Short Blades
 + Level 2.7(3.0) Long Blades
 - Level 3.2 Throwing
 - Level 2.1 Dodging
 - Level 1.5 Stealth


You had 2 spell levels left.
You didn't know any spells.
Your spell library contained the following spells:

 Spells                   Type           Power      Damage    Failure   Level
 Stone Arrow              Conj/Erth      0%         3d7       75%         3
 Animate Armour           Summ/Erth      0%         N/A       98%         4
 Lehudib's Crystal Spear  Conj/Erth      0%         10d2      100%        8


Dungeon Overview and Level Annotations

Branches:
Dungeon (3/15)

Altars:
Gozag
Nemelex Xobeh

Shops:
D:1 ?

Annotations:
D:3 Grinder


Innate Abilities, Weirdness & Mutations

Your natural rate of healing is accelerated.
You have razor-sharp teeth.
You have supernaturally acute eyesight. (SInv)
You are afflicted with vampirism and can become a bat while bloodless.


Message History

No target in view!
e - 15 poisoned darts (gained 1)
You see here a +1 dagger of venom.
Your +1 dagger of venom begins to drip with poison!
n - a +1 dagger of venom (weapon)
e - 16 poisoned darts (gained 1)
e - 18 poisoned darts (gained 2)
Found a stone staircase leading down. 2 orcs come into view.
The orc shouts!
An orc priest comes into view. It is wielding a +0 mace.
An orc comes into view. It is wielding a +0 club.
The orc moves out of view.
You throw a poisoned dart. The poisoned dart hits the orc.
The orc is poisoned.
You throw a poisoned dart.
The poisoned dart barely misses the orc.
You hit the orc.
The orc is almost dead.
You kill the orc!
No target in view!
Grinder comes into view.
The orc shouts!
You hear a shout!
Grinder shouts!
Things that are here:
a +0 whip; a +0 leather armour The orc priest looks encouraged for a moment.
The orc priest mumbles some strange prayers to Beogh against you.
Beogh smites you!
You see here an adder corpse.
The orc hits you with a +0 hand axe.
The orc priest mumbles some strange prayers to Beogh against you.
Beogh smites you! The orc barely misses you.
A ball python comes into view.
The ball python hisses angrily.
You see here a hobgoblin corpse.
Grinder blinks!
The orc priest invokes the aid of Beogh against you.
Pain shoots through your body!
The orc priest invokes the aid of Beogh against you.
Beogh smites you!
You die...

###...⌠...##.###
#.##.....###.#
#.########.#.### #.
#.#.####.#.#.#.. #.
#.#........#....
##.####....###.#####.#
#...[..........# #.# #
#.....####.#########.#
#.#....@# #...........#
#.#.....################
#......o........
###.S...######## #.....#
##### ###)o...# #...#
#....#### ###...# #....#
#.....# #....# #.....#


You could see an orc priest, an orc and a ball python.

Vanquished Creatures
  An adder (D:3)
  2 worms (D:2)
  An orc (D:3)
  7 ball pythons
  3 bats
  2 endoplasms
  2 giant cockroaches
  5 goblins
  4 hobgoblins
  2 jackals (D:2)
  A quokka (D:1)
  A frilled lizard (D:2)
  5 kobolds
  2 rats
38 creatures vanquished.

Notes
Turn   | Place    | Note
-------+----------+-------------------------------------------
     0 | D:1      | fiver49 the Vampire Hunter began the quest for the Orb.
     0 | D:1      | Reached XP level 1. HP: 16/16 MP: 1/1
   117 | D:1      | Reached skill level 1 in Short Blades
   268 | D:1      | Reached XP level 2. HP: 18/22 MP: 2/2
   362 | D:1      | Found Sanifem's Magic Scroll Shoppe.
   386 | D:1      | Bought a scroll of identify for 22 gold pieces
   614 | D:2      | Reached skill level 1 in Long Blades
   826 | D:2      | Gained mutation: You are afflicted with vampirism and can
                  | become a bat while bloodless. [Vampire growth]
   826 | D:2      | Reached XP level 3. HP: 27/27 MP: 3/3
  1351 | D:3      | Found an opulent altar of Gozag.
  1352 | D:3      | Found a sparkling altar of Nemelex Xobeh.
  1552 | D:3      | Noticed Grinder
  1631 | D:3      | Killed from afar by an orc priest

Illustrated notes

Levels and vault maps discovered:
D:1:      dpeg_arrival_rooms_a, layout_basic, serial_shops,
          nicolae_shop_statue_plus
D:2:      layout_basic
D:3:      layout_basic, grunt_temple_overflow_opulence,
          chequers_ecumenical_altar_simple_redux, uniq_grinder

Skill      XL: |  1  2  3 |
---------------+----------+-----
Short Blades   | 1 2 |  2.1
Long Blades    | 1 2 |  2.7
Fighting       | |  1.7
Throwing       | |  3.2
Dodging        | |  2.1
Stealth        | |  1.5

Action                   || total
-------------------------++-------
Melee: Short sword       ||   100
       Bite              ||     3
       Dagger            ||     1
Throw: Dart              ||    55
       Javelin           ||     1
  Use: Scroll            ||     1
 Stab: Sleeping          ||     7
Armor: Leather armour    ||    22
Dodge: Dodged            ||    57
